 Dungeon Crawl Stone Soup version 0.29.1-13-g9f3cf754e1 (webtiles) character file.

Game seed: 14285530092524609616

91 xian the Caller (level 4, -4/34 HPs)
             Began as a Draconian Summoner on Feb 10, 2023.
             Killed by nerve-wracking pain
             ... invoked by Grinder
              (8 damage)
             ... on level 3 of the Dungeon.
             The game lasted 00:06:06 (3433 turns).

xian the Caller (Draconian Summoner)                Turns: 3433, Time: 00:06:07

Health: -4/34      AC:  5    Str: 11    XL:     4   Next: 33%
Magic:  4/7        EV: 12    Int: 17    God:
Gold:   132        SH:  0    Dex: 11    Spells: 7/8 levels left

rFire   . . .      SeeInvis .   e - +1 dagger (holy)
rCold   . . .      Faith    .   (no shield)
rNeg    . . .      Spirit   .   (body armour unavailable)
rPois   .          Reflect  .   (helmet restricted)
rElec   .          Harm     .   (no cloak)
rCorr   .          Rampage  .   (no gloves)
Will    .....                   (no boots)
Stlth   ++........              (no amulet)
HPRegen 0.11/turn               (no ring)
MPRegen 0.10/turn               (no ring)

@: no status effects
A: AC +5, unfitting armour, cold-blooded
a: no special abilities


You were on level 3 of the Dungeon.
You visited 1 branch of the dungeon, and saw 3 of its levels.

You collected 132 gold pieces.

Inventory:

Hand Weapons
 e - a +1 dagger of holy wrath (weapon)
 h - a +2 mace of protection
Scrolls
 b - a scroll of silence {unknown}
 c - 2 scrolls of teleportation {unknown}
 f - a scroll of torment {unknown}
 g - a scroll of acquirement {unknown}
 j - 2 scrolls of amnesia {unknown}
 l - 2 scrolls of identify {unknown}
 m - a scroll of fear {unknown}
 o - 2 scrolls of poison {unknown}
Potions
 a - a potion of magic
 d - a potion of degeneration {unknown}
 i - a potion of attraction {unknown}
 k - 2 potions of curing {unknown}
 n - a potion of invisibility {unknown}


   Skills:
 + Level 0.6 Fighting
 + Level 1.2 Short Blades
 + Level 2.5 Dodging
 + Level 2.1 Stealth
 + Level 2.6 Spellcasting
 + Level 4.5 Summonings


You had 7 spell levels left.
You knew the following spells:

 Your Spells              Type           Power      Damage    Failure   Level
a - Summon Small Mammal   Summ           68%        N/A       2%          1

Your spell library contained the following spells:

 Spells                   Type           Power      Damage    Failure   Level
 Call Imp                 Summ           17%        N/A       4%          2
 Call Canine Familiar     Summ           17%        N/A       9%          3
 Slow                     Hex            8%         N/A       19%         1
 Summon Guardian Golem    Hex/Summ       9%         N/A       22%         3
 Confusing Touch          Hex            2%         N/A       50%         3
 Dazzling Flash           Conj/Hex       4%         N/A       50%         3
 Vampiric Draining        Necr           2%         2d6       50%         3
 Summon Lightning Spire   Summ/Air       9%         N/A       56%         4
 Agony                    Necr           2%         N/A       99%         5
 Silence                  Hex/Air        1%         N/A       99%         5


Dungeon Overview and Level Annotations

Branches:
Dungeon (3/15)

Altars:

Annotations:
D:3 3 runed translucent doors, Grinder; bnorton916's ghost, amateur DEFE; sigtrap's ghost, amateur KoBr


Innate Abilities, Weirdness & Mutations

Your plain brown scales are hard. (AC +5)
You cannot fit into any form of body armour.
You are cold-blooded and may be slowed by cold attacks.


Message History

Confirm with . or Enter, or press ? or * to list all spells.
Grinder says, "DUCK!"
Grinder gestures at you.
You suddenly lose the ability to move!
Your rat bites Grinder but does no damage.
You can move again.
You swap places.
Grinder hits your rat!
Your rat dies!
Your rat's corpse disappears in a puff of smoke!
Your rat bites Grinder but does no damage.
Casting: Summon Small Mammal (safe; 2% risk of failure)
Confirm with . or Enter, or press ? or * to list all spells.
You swap places.
Your bat hits Grinder but does no damage.
Your bat hits Grinder. Grinder barely misses your bat.
Your rat bites Grinder.
Your bat hits Grinder but does no damage.
Your bat hits Grinder but does no damage.
Your bat closely misses Grinder.
Grinder hits your bat.
Your bat dies!
Your bat's corpse disappears in a puff of smoke!
Your rat bites Grinder but does no damage.
Grinder blinks!
Grinder attacks as you move away! Grinder hits you.
* * * LOW HITPOINT WARNING * * *
You writhe in agony.
* * * LOW HITPOINT WARNING * * *
Casting: Summon Small Mammal (safe; 2% risk of failure)
Confirm with . or Enter, or press ? or * to list all spells.
Grinder says, "Tell me all your secrets, or I'll kill you."
Grinder completely misses you.
You swap places.
Grinder closely misses you.
Your quokka completely misses Grinder.
Your quokka bites Grinder.
Found a blue potion.
Grinder blinks!
Grinder blinks!
You swap places.
You swap places.
Grinder gestures at you. Pain shoots through your body!
You die...

....# >...# #.#
....# #!# ....#
#.# ....# #.#
....############5#
....'..........#.#
....##########.#<#
##### #.#@#
########### #r#.#
..........# #.#r#
..).......# #.#r#
....[.....# #...#
..........# #####
..........#
.......[..######
...............#


You could see Grinder (ally target), a friendly quokka (summoned) and a friendly
rat (summoned).

Vanquished Creatures
  2 adders (D:2)
  A dart slug (D:2)
  5 goblins
  5 hobgoblins
  A jackal (D:1)
  A quokka (D:1)
  6 ball pythons
  2 bats
  5 frilled lizards
  2 kobolds (D:1)
  6 rats
36 creatures vanquished.

Vanquished Creatures (collateral kills)
  2 adders
  A ball python (D:2)
  2 endoplasms (D:1)
  2 hobgoblins (D:1)
  3 jackals (D:1)
  2 quokkas
  A frilled lizard (D:1)
  2 kobolds (D:1)
  A rat (D:3)
16 creatures vanquished.

Vanquished Creatures (others)
  3 withered plants (D:3)
3 creatures vanquished.

Grand Total: 55 creatures vanquished

Notes
Turn   | Place    | Note
-------+----------+-------------------------------------------
     0 | D:1      | xian the Draconian Summoner began the quest for the Orb.
     0 | D:1      | Reached XP level 1. HP: 14/14 MP: 3/3
   291 | D:1      | Reached XP level 2. HP: 18/20 MP: 5/5
   348 | D:1      | Found a faded altar of an unknown god.
  1558 | D:2      | Reached XP level 3. HP: 26/26 MP: 6/6
  2472 | D:2      | Reached XP level 4. HP: 34/34 MP: 4/7
  2888 | D:3      | Found a runed translucent gate.
  2890 | D:3      | Found a runed translucent gate.
  2891 | D:3      | Found a runed translucent gate.
  2892 | D:3      | Noticed bnorton916's ghost (amateur DEFE)
  2892 | D:3      | Noticed sigtrap's ghost (amateur KoBr)
  2929 | D:3      | Reached skill level 1 in Short Blades
  3404 | D:3      | Noticed Grinder
  3406 | D:3      | Paralysed by Grinder for 3 turns
  3416 | D:3      | Paralysed by Grinder for 2 turns
  3433 | D:3      | Killed from afar by Grinder

Illustrated notes

Levels and vault maps discovered:
D:1:      mushboom_english_gardens, layout_basic,
          chequers_ecumenical_altar_simple_redux
D:2:      layout_loops_ring, minmay_misc_feat_columns
D:3:      layout_basic, mainiacjoe_overflow_alcove_2, marbit_many_paths,
          gammafunk_ghost_cemetery, uniq_grinder

Skill      XL: |  1  2  3  4 |
---------------+-------------+-----
Dodging        | 2 |  2.5
Stealth        | 2 |  2.1
Short Blades   | 1 |  1.2
Fighting       | |  0.6
Spellcasting   | |  2.6
Summonings     | |  4.5

Action                   |  1- 3 |  4- 6 || total
-------------------------+-------+-------++-------
Melee: Dagger            |   122 |    21 ||   143
       Club              |     2 |       ||     2
       Unarmed           |     2 |       ||     2
       Tailslap          |    11 |       ||    11
 Cast: Summon Small Mamm |    29 |     9 ||    38
 Stab: Sleeping          |     2 |       ||     2
Armor: Skin              |    45 |     7 ||    52
Dodge: Dodged            |   101 |    23 ||   124
